 Dungeon Crawl Stone Soup version 0.31.0-11-ge490571c62 (webtiles) character file.

Game seed: 16470051726766680455

38 shadizar the Shield-Bearer (level 3, 0/35 HPs)
             Began as a Gnoll Fighter on Feb 3, 2024.
             Succumbed to an adder's poison
             ... on level 1 of the Dungeon.
             The game lasted 00:00:48 (1037 turns).

shadizar the Shield-Bearer (Gnoll Fighter)          Turns: 1037, Time: 00:00:49

Health: 0/35       AC:  9    Str: 17    XL:     3   Next: 43%
Magic:  4/4        EV:  9    Int:  7    God:
Gold:   30         SH:  5    Dex: 11    Spells: 3/3 levels left

rFire   . . .        a - +0 flail
rCold   . . .        c - +0 buckler
rNeg    . . .        b - +0 scale mail
rPois   .            h - +0 helmet
rElec   .            (no cloak)
rCorr   .            (no gloves)
SInv    .            (no boots)
Will    .....        (no amulet) Stlth
                     (no ring)
HPRegen 0.25/turn    (no ring)
MPRegen 0.09/turn

%: no passive effects
@: mighty, lethally poisoned (0 -> -1)
A: fangs 1, strong nose, distributed training
a: no special abilities


You were on level 1 of the Dungeon.
You visited 1 branch of the dungeon, and saw 2 of its levels.

You collected 30 gold pieces.

Inventory:

Hand Weapons
 a - a +0 flail (weapon)
Armour
 b - a +0 scale mail (worn)
 c - a +0 buckler (worn)
 h - a +0 helmet (worn)
Jewellery
 i - an amulet of faith
Scrolls
 f - a scroll of identify {unknown}
 g - a scroll of noise {unknown}
 k - a scroll of vulnerability {unknown}
Potions
 e - a potion of mutation {unknown}
 j - a potion of lignification {unknown}
 l - a potion of degeneration {unknown}


   Skills:
 + Level 6.5 Fighting
 + Level 0.8 Short Blades
 + Level 0.8 Long Blades
 + Level 0.8 Axes
 + Level 4.5 Maces & Flails
 + Level 0.8 Polearms
 + Level 0.8 Staves
 + Level 0.8 Ranged Weapons
 + Level 0.8 Throwing
 + Level 6.5 Armour
 + Level 0.8 Dodging
 + Level 0.8 Stealth
 + Level 6.5 Shields
 + Level 0.8 Unarmed Combat
 + Level 0.8 Spellcasting
 + Level 0.5 Conjurations
 + Level 0.5 Hexes
 + Level 0.5 Summonings
 + Level 0.5 Necromancy
 + Level 0.5 Translocations
 + Level 0.5 Fire Magic
 + Level 0.5 Ice Magic
 + Level 0.5 Air Magic
 + Level 0.5 Earth Magic
 + Level 0.5 Alchemy
 + Level 1.0 Invocations
 + Level 0.8 Evocations
 + Level 0.7 Shapeshifting


You had 3 spell levels left.
You didn't know any spells.
Your spell library contained the following spells:

 Spells                   Type           Power      Damage    Failure   Level
 Foxfire                  Conj/Fire      4%         2x1d4     77%         1
 Cigotuvi's Dreadful Rot  Necr/Alch/Air  2%         N/A       88%         2
 Jinxbite                 Hex            2%         N/A       88%         2
 Ignite Poison            Fire/Alch      1%         N/A       100%        4
 Freezing Cloud           Conj/Ice/Air   0%         6-21      100%        5
 Yara's Violent Unravell  Hex/Alch       0%         3d3       100%        5
 Plasma Beam              Fire/Air       0%         2x1d10    100%        6
 Starburst                Conj/Fire      0%         6d3       100%        6
 Enfeeble                 Hex            0%         N/A       100%        7


Dungeon Overview and Level Annotations

Branches:
Dungeon (2/15)

Altars:


Innate Abilities, Weirdness & Mutations

You have very sharp teeth.
Your uncanny sense of smell can sniff out nearby items.
Your experience applies equally to all skills.


Message History

You are no longer poisoned.
The hobgoblin attacks as it pursues you!
The hobgoblin hits you but does no damage.
The hobgoblin attacks as it pursues you!
The hobgoblin hits you but does no damage.
You see here an adder corpse.
The adder attacks as it pursues you!
The adder bites you but does no damage. x2
There is a stone staircase leading up here.
Unknown command.
The hobgoblin hits you but does no damage.
The hobgoblin hits you.
* * * LOW HITPOINT WARNING * * *
The adder barely misses you.
You climb upwards.
There is a stone staircase leading down here.
Unknown command.
You hit the hobgoblin.
You kill the hobgoblin!
The adder closely misses you.
The hobgoblin hits you but does no damage.
The adder bites you.
* * * LOW HITPOINT WARNING * * *
You are poisoned.
The adder poisons you!
* * * LOW HITPOINT WARNING * * *
You feel sick.
You feel sick.
The hobgoblin attacks as it pursues you!
The hobgoblin hits you.
* * * LOW HITPOINT WARNING * * *
You feel very mighty all of a sudden.
* * * LOW HITPOINT WARNING * * *
You feel sick.
The hobgoblin hits you but does no damage.
You hit the hobgoblin.
You kill the hobgoblin!
* * * LOW HITPOINT WARNING * * *
You feel sick. The adder barely misses you.
You miss the adder. Your bite misses the adder.
You die...

§≈#≈§≈≈###.P.P.###≈≈≈≈#≈≈≈#≈≈≈#.#
§≈#≈≈§§§≈##'''##≈≈≈≈≈≈#≈≈≈≈≈≈.#.+
§≈≈§§≈§≈≈≈≈~~~≈≈≈≈≈≈≈≈≈≈≈≈....###
..≈≈§≈§§≈≈§~~~≈≈≈≈≈≈≈≈≈......###.
....§§..≈≈≈~~~≈≈≈..........###...
##............~........#####.....
#######~.~..~.~..~######.....#.##
......######.######[.....#####.#
#.##............@S>.###### #.#
#.###.######.######## #.# #.#
#.#.####.# ####### #.# #.#
#.#....#.# #.....# #.# #.#
#.#.##.#.# ##.##.# #.# #.#
#.#....#.# #.##.####.# #.#
#.#.##.#.# #.##.#....# #.#
#.#.####.# #.##.#.#### #†#
#.#....#.# #.##.#.#


You could see an adder.

Vanquished Creatures
  An adder (D:2)
  A dart slug (D:1)
  4 bats (D:1)
  An endoplasm (D:1)
  A giant cockroach (D:1)
  9 hobgoblins (D:1)
  A quokka (D:1)
  2 ball pythons (D:1)
  3 goblins (D:1)
  2 kobolds (D:1)
  2 rats (D:1)
27 creatures vanquished.

Notes
Turn   | Place    | Note
-------+----------+-------------------------------------------
     0 | D:1      | shadizar the Gnoll Fighter began the quest for the Orb.
     0 | D:1      | Reached XP level 1. HP: 23/23 MP: 1/1
   322 | D:1      | Reached XP level 2. HP: 24/29 MP: 2/2
   575 | D:1      | Reached XP level 3. HP: 35/35 MP: 3/3
  1028 | D:2      | Reached skill level 1 in Invocations
  1036 | D:1      | HP: 1/35 [poisoned by an adder]
  1037 | D:1      | Succumbed to an adder's poison

Illustrated notes

Levels and vault maps discovered:
D:1:      dpeg_arrival_water_fire, layout_basic, chequers_serial_rivers_large_a
D:2:      layout_loops_cross, minmay_hedge_maze, st_stairs_10, uniq_jessica

Skill      XL: |  1  2  3 |
---------------+----------+-----
Invocations    | 1 |  1.0
Fighting       | |  6.5
Short Blades   | |  0.8
Long Blades    | |  0.8
Axes           | |  0.8
Maces & Flails | |  4.5
Polearms       | |  0.8
Staves         | |  0.8
Ranged Weapons | |  0.8
Throwing       | |  0.8
Armour         | |  6.5
Dodging        | |  0.8
Stealth        | |  0.8
Shields        | |  6.5
Unarmed Combat | |  0.8
Spellcasting   | |  0.8
Conjurations   | |  0.5
Hexes          | |  0.5
Summonings     | |  0.5
Necromancy     | |  0.5
Translocations | |  0.5
Fire Magic     | |  0.5
Ice Magic      | |  0.5
Air Magic      | |  0.5
Earth Magic    | |  0.5
Alchemy        | |  0.5
Evocations     | |  0.8
Shapeshifting  | |  0.7

Action                     || total
---------------------------++-------
  Melee: Flail             ||    81
         Bite              ||     6
    Use: Potion            ||     1
 Armour: Scale mail        ||    76
  Dodge: Dodged            ||    51
  Block: Buckler           ||    35
